 Dungeon Crawl Stone Soup version 0.28-a0-472-g50180c0d78 (webtiles) character file.

Game seed: 12951156189947298266

36 Dabor the Skirmisher (level 3, 0/29 HPs)
             Began as a Formicid Abyssal Knight on Sept 15, 2021.
             Was a Follower of Lugonu.
             Slain by an adder (3 damage)
             ... on level 2 of the Dungeon.
             The game lasted 00:01:44 (1113 turns).

Dabor the Skirmisher (Formicid Abyssal Knight)      Turns: 1113, Time: 00:01:45

Health: 0/29       AC:  3    Str: 17    XL:     3   Next: 57%
Magic:  5/5        EV: 11    Int: 11    God:    Lugonu [*.....]
Gold:   87         SH:  0    Dex: 10    Spells: 2/2 levels left

rFire   . . .      SeeInvis +   a - +2 spear (flame)
rCold   . . .      Faith    .   (no shield)
rNeg    . . .      Spirit   .   b - +0 leather armour
rPois   .          Reflect  .   (helmet unavailable)
rElec   .          Harm     .   (no cloak)
rCorr   .          Rampage  .   (no gloves)
Will    .....                   (no boots)
Stlth   +.........              (no amulet)
HPRegen 0.09/turn               (no ring)
MPRegen 0.09/turn               (no ring)

@: no status effects
A: permanent stasis, dig shafts and tunnels, antennae 3, four strong arms
a: Dig, Shaft Self, Renounce Religion, Depart the Abyss


You were on level 2 of the Dungeon.
You worshipped Lugonu.
Lugonu was aware of your devotion.
You visited 1 branch of the dungeon, and saw 2 of its levels.
You visited the Abyss 1 time.

You collected 87 gold pieces.

Inventory:

Hand Weapons
 a - a +2 spear of flaming (weapon)
Armour
 b - a +0 leather armour (worn)
Scrolls
 f - a scroll of enchant weapon
Potions
 d - a potion of attraction


   Skills:
 + Level 3.6 Fighting
 + Level 2.3 Polearms
 + Level 2.6 Armour
 + Level 1.4 Dodging
 + Level 2.7 Invocations


You had 2 spell levels left.
You didn't know any spells.
Your spell library contained the following spells:

 Spells                   Type           Power      Damage    Failure   Level
 Malign Gateway           Summ/Tloc      0%         N/A       100%        7
 Summon Horrible Things   Summ           0%         N/A       100%        8


Dungeon Overview and Level Annotations

Branches:
Dungeon (2/15)

Altars:

Shops:
D:1 =


Innate Abilities, Weirdness & Mutations

You cannot be hasted, slowed, berserked, paralysed or teleported.
You can dig through walls and to a lower floor.
You have a pair of large antennae on your head. (SInv)
Your four strong arms can wield two-handed weapons with a shield.


Message History

You barely miss the adder.
The adder is moderately wounded.
The adder closely misses you.
You closely miss the adder.
The adder is moderately wounded.
The adder bites you.
* * * LOW HITPOINT WARNING * * *
The adder barely misses you. The adder bites you.
* * * LOW HITPOINT WARNING * * *
As you read the scroll labelled NUADEA JUUXUWE, it crumbles to dust.
It is a scroll of enchant weapon.
Your +1 spear glows red for a moment.
The adder completely misses you.
As you read the scroll labelled MEOTUR YTHRIL, it crumbles to dust.
It is a scroll of identify.
d - a potion of attraction The adder bites you.
* * * LOW HITPOINT WARNING * * *
You are lethally poisoned!
The adder poisons you!
Okay, then.
It was a potion of curing.
You feel better. The adder misses you. The adder bites you but does no damage.
As you read the scroll labelled MEIBRU HAISCH, it crumbles to dust.
The scroll dissolves into smoke.
It was a scroll of fog.
The adder bites you.
The kobold hits you with a +0 short sword.
As you read the scroll labelled BENYRY JIORA, it crumbles to dust.
It is a scroll of brand weapon.
Your +2 spear is engulfed in flames!
a - a +2 spear of flaming (weapon)
The adder bites you.
* * * LOW HITPOINT WARNING * * *
The kobold hits you with a +0 short sword.
* * * LOW HITPOINT WARNING * * *
The adder closely misses you.
As you read the scroll labelled QELICA IFEISME, it crumbles to dust.
You feel a strange sense of stasis.
It was a scroll of teleportation.
The adder closely misses you. The kobold hits you but does no damage.
The adder bites you.
You die...

#.....#.######. #.. .
#.....#......( #.# #
######.# #.# # #.# #.#
# .#######§## #.# #
.......§§§# #.#####
########§K# ###......
##§###########.)......
#§§S@.........##<....
#§###########.###...#
#§# #)# ##.## #.# #.#
### #.# #.# #.# #.#
#.# #.# ### #.# ##.#
..## #.# #..#


You could see an adder.

Vanquished Creatures
  An adder (D:2)
  A dart slug (D:2)
  An orc (D:2)
  3 ball pythons
  2 bats (D:1)
  2 endoplasms (D:1)
  A giant cockroach (D:1)
  3 goblins
  2 hobgoblins (D:1)
  2 quokkas
  A kobold (D:1)
  2 rats
21 creatures vanquished.

Notes
Turn   | Place    | Note
-------+----------+-------------------------------------------
     0 | Abyss:1  | Dabor the Formicid Abyssal Knight began the quest for the
                  | Orb.
     0 | Abyss:1  | Reached XP level 1. HP: 18/18 MP: 2/2
     0 | D:1      | Escaped the Abyss
    64 | D:1      | Found Kasirowna's Jewellery Emporium.
   128 | D:1      | Reached skill level 1 in Dodging
   131 | D:1      | Reached * piety under Lugonu
   187 | D:1      | Reached XP level 2. HP: 24/24 MP: 3/3
   608 | D:1      | Found a faded altar of an unknown god.
   903 | D:2      | Reached XP level 3. HP: 26/29 MP: 4/4
  1113 | D:2      | Slain by an adder

Illustrated notes

Levels and vault maps discovered:
D:1:      nzn_arrival_depleted_hourglass, layout_basic,
          shapermc_ecumenical_altar_mp_ritualfount, serial_shops,
          nicolae_shop_behind_doors
D:2:      layout_loops_ring

Skill      XL: |  1 |
---------------+----+-----
Dodging        | 1 |  1.4
Fighting       | |  3.6
Polearms       | |  2.3
Armour         | |  2.6
Invocations    | |  2.7

Action                   || total
-------------------------++-------
Melee: Spear             ||    66
Invok: Depart the Abyss  ||     1
  Use: Scroll            ||     5
       Potion            ||     1
 Stab: Sleeping          ||     1
Armor: Leather armour    ||    12
Dodge: Dodged            ||    35

Table legend: (Time is in decaauts)
 A = Elapsed time spent in this place.
 B = Non-inter-level travel time spent in this place.
 C = Inter-level travel time spent in this place.
 D = Time resting spent in this place.
 E = Time spent auto-exploring this place.
 F = Levels seen in this place.
 G = Mean time per level.
                   A        B        C        D        E       F      G
               +--------+--------+--------+--------+--------+-----+--------+
         Total |   1111 |   1093 |     18 |      0 |    935 |   3 |  370.3 |
       Dungeon |   1111 |   1093 |     18 |      0 |    935 |   2 |  555.5 |
         Abyss |      0 |      0 |      0 |      0 |      0 |   1 |    0.0 |
               +--------+--------+--------+--------+--------+-----+--------+

Top non-repeatable levels by time:
     D:1: 784 daAuts
     D:2: 327 daAuts
